[Event "ICC tourney 2009 (45 10)"]
[Site "Internet Chess Club"]
[Date "2020.09.19"]
[Round "2"]
[White "dmutalam"]
[Black "fascimate"]
[Result "1-0"]
[ICCResult "Black checkmated"]
[WhiteElo "1616"]
[BlackElo "1743"]
[Opening "Sicilian: Najdorf"]
[ECO "B90"]
[NIC "SI.14"]
[Time "13:31:46"]
[TimeControl "2700+10"]

1. e4 c5 2. Nf3 d6 3. d4 cxd4 4. Nxd4 Nf6 5. Nc3 a6 6. f3 e5 7. Nb3 Be7 8.
Be3 Be6 9. Qd2 h5 10. h4 Nbd7 11. O-O-O Rc8 12. Be2 Nb6 13. Kb1 Nc4 14. Bxc4
Rxc4 15. Qf2 Nd7 16. Qg3 g6 17. Qf2 b5 18. Nd5 Bxd5 19. Rxd5 Nf6 20. Rd2 Qa8
21. Rhd1 a5 22. Bg5 a4 23. Nc1 Qa5 24. Bxf6 Bxf6 25. Rxd6 Be7 26. Qb6 Qxb6
27. Rxb6 O-O 28. Rxb5 Bxh4 29. Rxe5 Rb8 30. Nd3 Bf6 31. Rd5 Kg7 32. b3 axb3
33. cxb3 Be7 34. Rd7 Kf8 35. Ne5 Rc5 36. R7d5 Rxd5 37. Rxd5 Rc8 38. Rd3 Bg5
39. a4 Rc1+ 40. Kb2 Rg1 41. a5 Rxg2+ 42. Ka3 h4 43. a6 Bc1+ 44. Kb4 Ra2 45.
Rd8+ Kg7 46. Ra8 f5 47. Ra7+ Kh6 48. Rc7 Be3 49. Rc6 h3 50. Rxg6+ Kh7 51.
exf5 h2 52. Ng4 Bd4 53. Rh6+ Kg7 54. Rxh2 Rxa6 55. Kc4 Ba7 56. f6+ Kg6 57.
Rh6+ Kf7 58. Ne5+ Kf8 59. Rh8# {Black checkmated} 1-0

[Event "ICC tourney 2009 (45 10)"]
[Site "Internet Chess Club"]
[Date "2020.09.19"]
[Round "2"]
[White "CoastalJourney"]
[Black "ybabji"]
[Result "0-1"]
[ICCResult "White resigns"]
[WhiteElo "1675"]
[BlackElo "1825"]
[Opening "Old Indian defense"]
[ECO "E61"]
[NIC "KI.76"]
[Time "13:31:45"]
[TimeControl "2700+10"]

1. d4 Nf6 2. c4 d6 3. Nc3 g6 4. Nf3 Bg7 5. Bf4 Bf5 6. h3 Nc6 7. d5 e5 8. Bg5
Ne7 9. e3 O-O 10. Be2 Ne4 11. Nxe4 Bxe4 12. O-O Bxf3 13. Bxf3 f6 14. Bh4 Nf5
15. Bg3 Nxg3 16. fxg3 f5 17. e4 Qg5 18. Kh2 fxe4 19. Bxe4 Rxf1 20. Qxf1 Qd2
21. Qd3 Qxd3 22. Bxd3 Rf8 23. Rf1 Rxf1 24. Bxf1 e4 25. b3 Be5 26. h4 Kf7 27.
Kh3 h6 28. g4 Kf6 29. g3 Bc3 30. Kg2 Be1 31. Be2 Ke5 32. g5 hxg5 33. h5 gxh5
34. Bxh5 Kd4 35. Kf1 Bxg3 36. Ke2 e3 37. Bg4 Bf4 38. Bc8 b6 39. Bg4 Kc3 40.
Bf3 Kb2 41. Kd3 Kxa2 42. Kc2 Ka3 43. Kc3 a5 44. Be2 Be5+ 45. Kc2 a4 46. bxa4
Kxa4 47. Kd3 Bf4 48. Kc3 Ka5 49. Kb3 Be5 50. Kc2 Kb4 51. Kd3 Bf4 52. Kd4 Kb3
53. Kd3 Kb2 54. Bd1 Ka3 55. Kc3 Be5+ 56. Kd3 Kb4 57. Be2 Bf4 58. Kd4 Ka5 59.
Kc3 Ka6 60. Kb4 Kb7 61. Kc3 Kc8 62. Bg4+ Kd8 63. Kd4 Ke7 64. Ke4 Kf6 65. Bh5
Kg7 66. Kf5 Kh6 67. Bg4 Bg3 68. Ke4 Bf2 69. Kf5 Bg1 70. Kf6 Bh2 71. Kf5 Be5
72. Ke4 Bf4 73. Kf5 Kg7 74. Bh5 Kh7 75. Bg4 Kh6 76. Kf6 Bh2 77. Kf5 Kg7 78.
Kxg5 Bg3 79. Be2 Kf7 80. Kf5 Be1 81. Ke4 Bd2 82. Kf5 Bc1 83. Bh5+ Ke7 84.
Be2 Kd7 85. Bf3 Kc8 86. Ke4 Kb7 87. Kd4 Bd2 88. Be2 Ka6 89. Ke4 Ka5 90. Kd4
Kb4 91. Kd3 Kc5 92. Bf3 Be1 93. Be2 Bf2 94. Kc3 b5 95. cxb5 Kxd5 96. Kd3 Kc5
97. Kc3 d5 98. Kb3 Kd4 99. Kc2 Bg3 100. Kb3 Ke4 101. Kc3 Bh4 102. Kc2 Be7
103. Kc3 Bc5 104. Kb3 d4 105. Kc4 Bb6 106. Bf1 Kf3 107. Kd3 Kf2 108. Be2 Ba7
109. Bd1 Kf1 110. Be2+ Ke1 111. Bf3 Bc5 112. Be2 Kf2 113. Bd1 Kg3 114. Be2
Kf4 115. Bh5 Ke5 116. Bf3 Bb4 117. Be2 Kd5 118. Bf3+ Kc5 119. Bc6 Kb6 120.
Ke2 Bc5 121. Kd3 Ka5 122. Ke2 Kb4 123. Kd3 Bd6 124. Ke2 Kc4 125. Bd7 Bf4
126. Kf3 d3 127. Kxf4 e2 {White resigns} 0-1

[Event "ICC tourney 2009 (45 10)"]
[Site "Internet Chess Club"]
[Date "2020.09.19"]
[Round "3"]
[White "tricksterssbu"]
[Black "chessfirelord"]
[Result "0-1"]
[ICCResult "White resigns"]
[WhiteElo "1678"]
[BlackElo "1589"]
[Opening "Sicilian: accelerated fianchetto, modern variation"]
[ECO "B34"]
[NIC "SI.33"]
[Time "16:01:57"]
[TimeControl "2700+10"]

1. e4 c5 2. Nf3 Nc6 3. d4 cxd4 4. Nxd4 g6 5. Nc3 Bg7 6. Be3 Nf6 7. f3 O-O 8.
Qd2 d5 9. exd5 Nxd5 10. Nxc6 bxc6 11. O-O-O Bxc3 12. bxc3 Qa5 13. Bd4 Qa3+
{White resigns}
0-1

[Event "ICC tourney 2009 (45 10)"]
[Site "Internet Chess Club"]
[Date "2020.09.19"]
[Round "3"]
[White "ybabji"]
[Black "bonnelleo1"]
[Result "1-0"]
[ICCResult "Black resigns"]
[WhiteElo "1824"]
[BlackElo "1861"]
[Opening "French: exchange variation"]
[ECO "C01"]
[NIC "FR.01"]
[Time "16:01:46"]
[TimeControl "2700+10"]

1. e4 e6 2. d4 d5 3. exd5 exd5 4. Nc3 Nc6 5. Bf4 Bd6 6. Nxd5 Bxf4 7. Nxf4
Qxd4 8. Qxd4 Nxd4 9. O-O-O Ne6 10. Ngh3 Nf6 11. Bc4 Nxf4 12. Nxf4 O-O 13.
Rhe1 Bf5 14. Re7 Rac8 15. Rde1 a6 16. R1e5 g6 17. f3 Nd7 18. Rxf5 gxf5 19.
Rxd7 b5 20. Bb3 c5 21. Bd5 Rcd8 22. Bxf7+ Kg7 23. Ne6+ {Black resigns} 1-0

[Event "ICC tourney 2009 (45 10)"]
[Site "Internet Chess Club"]
[Date "2020.09.19"]
[Round "3"]
[White "lmperfectFocus"]
[Black "VincentT2008"]
[Result "0-1"]
[ICCResult "White resigns"]
[WhiteElo "1608"]
[BlackElo "1867"]
[Opening "Two knights defense"]
[ECO "C56"]
[NIC "KP.02"]
[Time "16:01:46"]
[TimeControl "2700+10"]

1. e4 e5 2. Nf3 Nc6 3. d4 exd4 4. Bc4 Nf6 5. O-O Nxe4 6. Re1 d5 7. Bxd5 Qxd5
8. Nc3 Qa5 9. Nxe4 Be6 10. Bg5 h6 11. Bf4 O-O-O 12. Qd3 Qb6 13. a4 Nb4 14.
a5 Qc6 15. Qd2 Qxc2 16. Rac1 Qxd2 17. Rxc7+ Kb8 18. Nexd2 Bd6 19. Bxd6 Rxd6
20. Rec1 Nc6 21. Ne4 Kxc7 22. Nxd6 Kxd6 23. Rd1 Rd8 24. Nxd4 Nxd4 25. Rxd4+
Ke7 {White resigns} 0-1

[Event "ICC tourney 2009 (45 10)"]
[Site "Internet Chess Club"]
[Date "2020.09.19"]
[Round "3"]
[White "orwind"]
[Black "danaglin"]
[Result "1-0"]
[ICCResult "Black resigns"]
[WhiteElo "1518"]
[BlackElo "1618"]
[Opening "French: advance, Paulsen attack"]
[ECO "C02"]
[NIC "FR.03"]
[Time "16:01:48"]
[TimeControl "2700+10"]

1. e4 e6 2. d4 d5 3. e5 c5 4. c3 Nc6 5. Nf3 Qb6 6. Be2 cxd4 7. cxd4 f6 8.
exf6 Nxf6 9. O-O Bd6 10. Nc3 O-O 11. b3 Bd7 12. Bg5 Rf7 13. Rc1 Raf8 14. Na4
Qc7 15. h3 h6 16. Bxf6 Rxf6 17. Nc5 b6 18. Nxd7 Qxd7 19. Bb5 Rc8 20. Qc2
{Black resigns}
1-0

[Event "ICC tourney 2009 (45 10)"]
[Site "Internet Chess Club"]
[Date "2020.09.19"]
[Round "3"]
[White "wulovechess"]
[Black "karuto2006"]
[Result "1-0"]
[ICCResult "Black checkmated"]
[WhiteElo "1423"]
[BlackElo "1745"]
[Opening "Giuoco Piano"]
[ECO "C50"]
[NIC "IG.02"]
[Time "16:02:16"]
[TimeControl "2700+10"]

1. e4 e5 2. Nf3 Nc6 3. Bc4 Bc5 4. O-O Nf6 5. d4 Bxd4 6. Nxd4 Nxd4 7. Be3 Nc6
8. Nc3 O-O 9. Qd2 d6 10. f3 Be6 11. Bb3 Na5 12. Rfd1 Nxb3 13. axb3 a6 14.
Ra4 Qe7 15. Bg5 h6 16. Bxf6 Qxf6 17. Nd5 Qd8 18. Ne3 Qd7 19. Qc3 f5 20. exf5
Bxf5 21. Nxf5 Rxf5 22. Qd3 Kh8 23. Qd5 Rb8 24. g4 Rf6 25. Rb4 c6 26. Qxe5
Qxg4+ 27. fxg4 dxe5 28. Rd7 Rf4 29. Rxf4 exf4 30. Kf2 Kh7 31. Kf3 Kg6 32.
Kxf4 Rf8+ 33. Ke5 Rf7 34. Rxf7 Kxf7 35. Kd6 Kg6 36. Kc7 Kg5 37. Kxb7 Kxg4
38. Kxa6 Kh3 39. b4 g5 40. c4 g4 41. b5 cxb5 42. cxb5 Kxh2 43. b6 g3 44. b7
g2 45. b8=Q+ Kh1 46. Qh8 g1=Q 47. Qxh6+ Kg2 48. Qg5+ Kf2 49. Qxg1+ Kxg1 50.
b4 Kf2 51. b5 Ke3 52. b6 Kd4 53. b7 Kd5 54. b8=Q Kd4 55. Qb7 Ke5 56. Qc6 Kd4
57. Qb5 Ke4 58. Qc5 Kd3 59. Qb4 Ke3 60. Qc4 Kd2 61. Qb3 Ke2 62. Qc3 Kf2 63.
Qd3 Kg2 64. Qe3 Kh2 65. Qf3 Kg1 66. Qe2 Kh1 67. Kb5 Kg1 68. Kc5 Kh1 69. Kd5
Kg1 70. Ke4 Kh1 71. Kf3 Kg1 72. Kg3 Kh1 73. Qf1# {Black checkmated} 1-0

[Event "ICC tourney 2009 (45 10)"]
[Site "Internet Chess Club"]
[Date "2020.09.19"]
[Round "3"]
[White "happyscientist"]
[Black "imranchamp"]
[Result "0-1"]
[ICCResult "White resigns"]
[WhiteElo "1712"]
[BlackElo "1832"]
[Opening "Sicilian: Alapin's variation (2.c3)"]
[ECO "B22"]
[NIC "SI.46"]
[Time "16:01:47"]
[TimeControl "2700+10"]

1. e4 c5 2. c3 d5 3. exd5 Qxd5 4. Nf3 Nc6 5. d4 cxd4 6. cxd4 e6 7. Nc3 Qd6
8. Bb5 Bd7 9. O-O Nf6 10. Re1 Be7 11. Bxc6 Bxc6 12. Ne5 O-O 13. Bf4 Nd5 14.
Nxc6 Qxc6 15. Nxd5 Qxd5 16. Re5 Qd7 17. d5 Bf6 18. Rh5 Bxb2 19. dxe6 Qxd1+
20. Rxd1 fxe6 21. Bd6 Rfd8 22. Rh3 Rd7 23. Rhd3 Rad8 {White resigns} 0-1

[Event "ICC tourney 2009 (45 10)"]
[Site "Internet Chess Club"]
[Date "2020.09.19"]
[Round "3"]
[White "KittiesRock18"]
[Black "DavGasparyan"]
[Result "0-1"]
[ICCResult "White checkmated"]
[WhiteElo "1364"]
[BlackElo "1876"]
[Opening "Sicilian: Pelikan (Lasker/Sveshnikov) variation"]
[ECO "B33"]
[NIC "SI.35"]
[Time "16:01:47"]
[TimeControl "2700+10"]

1. e4 c5 2. Nf3 Nc6 3. d4 cxd4 4. Nxd4 Nf6 5. Nc3 e5 6. Nxc6 bxc6 7. Bc4 Be7
8. O-O O-O 9. Be3 Bb7 10. Qf3 Qa5 11. a3 Rad8 12. Qf5 Bc8 13. b4 Qc7 14. Qf3
d5 15. exd5 e4 16. Nxe4 cxd5 17. Nxf6+ Bxf6 18. Bxd5 Bxa1 19. Rxa1 Qe5 20.
Rd1 Rd7 21. c4 Rfd8 22. Bxa7 Bb7 23. Bb6 Bxd5 24. cxd5 Rc8 25. Bc5 Re8 26.
d6 Qe1+ 27. Rxe1 Rxe1# {White checkmated} 0-1

[Event "ICC tourney 2009 (45 10)"]
[Site "Internet Chess Club"]
[Date "2020.09.19"]
[Round "3"]
[White "fascimate"]
[Black "jojoraman"]
[Result "1-0"]
[ICCResult "Black resigns"]
[WhiteElo "1773"]
[BlackElo "1359"]
[Opening "Ruy Lopez: Archangelsk (counterthrust) variation"]
[ECO "C78"]
[NIC "RL.12"]
[Time "16:01:56"]
[TimeControl "2700+10"]

1. e4 e5 2. Nf3 Nc6 3. Bb5 a6 4. Ba4 Nf6 5. O-O b5 6. Bb3 Bb7 7. Ng5 d5 8.
exd5 Na5 9. Qe2 Bd6 10. d4 Nxb3 11. axb3 Nxd5 12. dxe5 Be7 13. Ne4 O-O 14.
Rd1 Qc8 15. c4 bxc4 16. bxc4 Nb4 17. Nbc3 Qf5 18. f4 Qg6 19. Nd5 Nxd5 20.
cxd5 Rad8 21. Nc3 Bb4 22. Qf3 Bxc3 23. bxc3 Bc8 24. h3 Bf5 25. Rd4 Qb6 26.
Qf2 Qb3 27. c4 Qc3 28. Bb2 Qb3 29. Rxa6 Qb7 30. Ra3 Rb8 31. Rd2 Qb4 32. Qd4
Rfd8 33. Rg3 c5 34. Qc3 Qa4 35. e6 f6 36. Rxg7+ Kh8 37. Qxf6 {Black resigns}
1-0

[Event "ICC tourney 2009 (45 10)"]
[Site "Internet Chess Club"]
[Date "2020.09.19"]
[Round "3"]
[White "che2468"]
[Black "rpughiii"]
[Result "1-0"]
[ICCResult "Black resigns"]
[WhiteElo "1517"]
[BlackElo "1634"]
[Opening "Philidor: Improved Hanham variation"]
[ECO "B07"]
[NIC "QO.17"]
[Time "16:02:06"]
[TimeControl "2700+10"]

1. d4 d6 2. Nc3 Nf6 3. e4 Nbd7 4. Nf3 e5 5. dxe5 dxe5 6. Bg5 c6 7. Bd3 Bb4
8. Qd2 O-O 9. a3 Ba5 10. h4 Qe7 11. h5 Rd8 12. Nh4 Nf8 13. f4 Bg4 14. f5 c5
15. h6 g6 16. fxg6 fxg6 17. O-O N8d7 18. Nd5 Bxd2 19. Nxe7+ Kf7 20. Bxd2
Kxe7 21. Bg5 Rf8 22. Bb5 Rad8 23. Rad1 a6 24. Bxd7 Rxd7 25. Rxd7+ Bxd7 26.
Nf3 Ke6 27. Rd1 Bc6 28. Bxf6 Kxf6 29. Re1 Rd8 30. Kf2 b5 31. Ke3 c4 32. Rf1
Rd7 33. Nd4+ {Black resigns} 1-0

[Event "ICC tourney 2009 (45 10)"]
[Site "Internet Chess Club"]
[Date "2020.09.19"]
[Round "3"]
[White "DanielA1926"]
[Black "chessKingR"]
[Result "0-1"]
[ICCResult "White checkmated"]
[WhiteElo "1520"]
[BlackElo "1842"]
[Opening "QGD Slav: 5.e3 (Alekhine variation)"]
[ECO "D15"]
[NIC "SL.03"]
[Time "16:02:39"]
[TimeControl "2700+10"]

1. d4 d5 2. Nf3 Nf6 3. c4 c6 4. Nc3 dxc4 5. e3 b5 6. a4 b4 7. Na2 a5 8. Bxc4
e6 9. O-O Nbd7 10. Qc2 Bb7 11. b3 Be7 12. Bb2 O-O 13. Nc1 Nb6 14. Nd3 Nxc4
15. bxc4 c5 16. Nxc5 Bxc5 17. dxc5 Qc7 18. Ng5 e5 19. f4 Qxc5 20. Bxe5 Qxe3+
21. Kh1 b3 22. Qb1 Qe2 23. Rg1 Ne4 24. Nxe4 Bxe4 25. Qxb3 Rfc8 26. Qg3 g6
27. Qg5 Rd8 28. Rae1 Bxg2+ 29. Qxg2 Qxc4 30. Rd1 Qxa4 31. Bf6 Qxd1 32. Bxd8
Rxd8 33. f5 Qd5 34. fxg6 Qxg2+ 35. Rxg2 Rd1+ 36. Rg1 Rxg1+ 37. Kxg1 hxg6 38.
Kf2 a4 39. Ke2 a3 40. Kd2 a2 41. h4 a1=Q 42. h5 Qa2+ 43. Kc3 Qa3+ 44. Kc4
Qa4+ 45. Kc5 gxh5 46. Kb6 h4 47. Kc5 h3 48. Kb6 h2 49. Kc5 h1=Q 50. Kd6
Qac6+ 51. Ke5 Qhe4# {White checkmated} 0-1

[Event "ICC tourney 2009 (45 10)"]
[Site "Internet Chess Club"]
[Date "2020.09.19"]
[Round "3"]
[White "che8642"]
[Black "ChessStar22"]
[Result "1/2-1/2"]
[ICCResult "Game drawn because neither player has mating material"]
[WhiteElo "1481"]
[BlackElo "1419"]
[Opening "Caro-Kann: advance variation"]
[ECO "B12"]
[NIC "CK.04"]
[Time "16:02:28"]
[TimeControl "2700+10"]

1. d4 c6 2. e4 d5 3. e5 Bf5 4. Nf3 e6 5. Bg5 Be7 6. Bxe7 Nxe7 7. c3 h6 8.
Be2 O-O 9. O-O Nd7 10. Nbd2 c5 11. Nb3 Qc7 12. Rc1 c4 13. Nbd2 Rab8 14. Nh4
Bh7 15. f4 Ng6 16. Nxg6 Bxg6 17. g4 b5 18. f5 exf5 19. gxf5 Bh7 20. a3 a5
21. Bf3 Bxf5 22. Bxd5 Bd3 23. Re1 Nb6 24. Be4 Bxe4 25. Nxe4 Nd5 26. Qg4 Kh8
27. Nd6 Rb6 28. Kh1 f5 29. Nxf5 Qf7 30. Nd6 Qf3+ 31. Qxf3 Rxf3 32. Rf1 Rf4
33. h3 Kg8 34. Kh2 h5 35. Rce1 h4 36. Kg2 Rb8 37. e6 Rxf1 38. Kxf1 Ne7 39.
Re5 Rb6 40. Nxb5 Ng6 41. e7 Nxe7 42. Rxe7 Rxb5 43. Rc7 Rxb2 44. Rxc4 Rh2 45.
d5 Rxh3 46. Kg2 Rd3 47. Rc5 h3+ 48. Kh2 a4 49. Rc4 Rxd5 50. Kxh3 g5 51. Kg4
Ra5 52. Rb4 Kf7 53. c4 Ke6 54. Kh5 Kd6 55. Kg4 Ke6 56. Rb6+ Ke5 57. Kxg5
Kd4+ 58. Kf4 Kxc4 59. Rb4+ Kc3 60. Ke4 Rc5 61. Rxa4 Rc4+ 62. Rxc4+ Kxc4 63.
a4 Kb4 64. a5 Kxa5 {Game drawn because neither player has mating material}
1/2-1/2

[Event "ICC tourney 2009 (45 10)"]
[Site "Internet Chess Club"]
[Date "2020.09.19"]
[Round "3"]
[White "Queen4aKing"]
[Black "Randomdude21"]
[Result "0-1"]
[ICCResult "White resigns"]
[WhiteElo "1502"]
[BlackElo "1822"]
[Opening "Ruy Lopez: 5.O-O"]
[ECO "C78"]
[NIC "RL.12"]
[Time "16:01:49"]
[TimeControl "2700+10"]

1. e4 e5 2. Nf3 Nc6 3. Bb5 a6 4. Ba4 Nf6 5. O-O b5 6. Bb3 Bc5 7. Nxe5 Nxe5
8. d4 Bxd4 9. Qxd4 Nc6 10. Qd1 O-O 11. Bg5 h6 12. Bh4 g5 13. Bg3 Nxe4 14.
Qh5 Kg7 15. f4 d6 16. fxg5 Nxg5 17. Bh4 Ne5 18. Bg3 Bb7 19. h4 Ne6 20. Bxe5+
dxe5 21. Qxe5+ Kh7 22. Rf6 Qd1+ 23. Kh2 Qg4 24. g3 Qd1 25. Nc3 Qxa1 26. Ne4
Rad8 27. Qf5+ Kg7 28. Bxe6 Rd2+ 29. Kh3 Qh1+ 30. Kg4 Qxe4+ {White resigns}
0-1

[Event "ICC tourney 2009 (45 10)"]
[Site "Internet Chess Club"]
[Date "2020.09.19"]
[Round "3"]
[White "Niteshc"]
[Black "marinaxiao"]
[Result "1-0"]
[ICCResult "Black resigns"]
[WhiteElo "1653"]
[BlackElo "1392"]
[Opening "Sicilian: Smith-Morra gambit"]
[ECO "B21"]
[NIC "SI.48"]
[Time "16:01:55"]
[TimeControl "2700+10"]

1. e4 c5 2. d4 cxd4 3. c3 dxc3 4. Nxc3 e5 5. Nf3 Nc6 6. Bc4 Nf6 7. Ng5 d5 8.
Nxd5 Bc5 9. O-O O-O 10. Kh1 h6 11. Nxf6+ Qxf6 12. Nf3 Bg4 13. Be2 Rfd8 14.
Qb3 Bxf3 15. Bxf3 Nd4 16. Qc3 Rac8 17. Bg4 Rc6 18. Qg3 Qg6 19. Be3 Nc2 20.
Rad1 Rxd1 21. Rxd1 Bxe3 22. Rd8+ Kh7 23. Bf5 Qxf5 24. exf5 Bf4 25. Qd3 Nb4
26. Qf1 Rc1 27. Rd1 Rc2 28. a3 Nc6 29. Qd3 Rxf2 30. f6+ g6 31. Qd7 h5 32.
Qxf7+ Kh6 33. h4 {Black resigns} 1-0

[Event "ICC tourney 2009 (45 10)"]
[Site "Internet Chess Club"]
[Date "2020.09.19"]
[Round "3"]
[White "fhunfi"]
[Black "whyyoutrysohard"]
[Result "1-0"]
[ICCResult "Black resigns"]
[WhiteElo "1761"]
[BlackElo "1612"]
[Opening "Sicilian: closed, 6.Ne2 e5 (Botvinnik)"]
[ECO "B24"]
[NIC "SI.44"]
[Time "16:02:39"]
[TimeControl "2700+10"]

1. e4 c5 2. Nc3 Nc6 3. g3 g6 4. Bg2 Bg7 5. Nge2 e5 6. d3 d6 7. f4 Nf6 8. h3
O-O 9. O-O Ne8 10. Nd5 Ne7 11. Nec3 Nc7 12. Nxe7+ Qxe7 13. f5 b5 14. g4 h6
15. Qf3 f6 16. fxg6 Qe8 17. Ne2 Qxg6 18. Ng3 Ne6 19. c3 Kh7 20. Nf5 Rd8 21.
Be3 Bb7 22. c4 Nd4 23. Bxd4 cxd4 24. b3 b4 25. a3 bxa3 26. Rxa3 Bc8 27. Rfa1
Bxf5 28. exf5 Qe8 29. Rxa7 {Black resigns} 1-0

[Event "ICC tourney 2009 (45 10)"]
[Site "Internet Chess Club"]
[Date "2020.09.19"]
[Round "3"]
[White "wangfang75"]
[Black "Deveshc"]
[Result "1-0"]
[ICCResult "Black checkmated"]
[WhiteElo "1890"]
[BlackElo "1502"]
[Opening "Sicilian: Sozin, Leonhardt variation"]
[ECO "B88"]
[NIC "SI.26"]
[Time "16:01:46"]
[TimeControl "2700+10"]

1. e4 c5 2. Nf3 Nc6 3. d4 cxd4 4. Nxd4 Nf6 5. Nc3 d6 6. Bc4 e6 7. Bb3 Be7 8.
Be3 a6 9. g4 e5 10. Nf5 Bxf5 11. exf5 d5 12. g5 d4 13. gxf6 Bxf6 14. Qh5 g6
15. Qf3 dxe3 16. fxg6 exf2+ 17. Kf1 hxg6 18. Ne4 Be7 19. Qxf7+ Kd7 20. Rd1+
Nd4 21. Qe6+ Kc7 22. Qxe5+ Bd6 23. Nxd6 Qxd6 24. Qg7+ Kb6 25. Rxd4 Qc6 26.
Rb4+ Ka7 27. Qd4+ b6 28. Qg7+ Kb8 29. Qxh8+ Ka7 30. Qg7+ Kb8 31. Qf8+ Ka7
32. Qe7+ Kb8 33. Qf8+ Ka7 34. Qf7+ Kb8 35. Bd5 Qc7 36. Qxc7+ Kxc7 37. Bxa8
a5 38. Rd4 Kb8 39. Kxf2 Kxa8 40. Rd7 Kb8 41. Re1 Kc8 42. Rh7 Kd8 43. Kf3 b5
44. Re6 b4 45. Rxg6 Ke8 46. Rg8# {Black checkmated} 1-0

[Event "ICC tourney 2009 (45 10)"]
[Site "Internet Chess Club"]
[Date "2020.09.19"]
[Round "3"]
[White "DLWarrior"]
[Black "Mapking1"]
[Result "1/2-1/2"]
[ICCResult "Game drawn by mutual agreement"]
[WhiteElo "1913"]
[BlackElo "1686"]
[Opening "Queen's pawn: London system"]
[ECO "A45"]
[NIC "QP.07"]
[Time "16:02:00"]
[TimeControl "2700+10"]

1. d4 Nf6 2. Bf4 g6 3. Nc3 d5 4. Nb5 Na6 5. a3 Bg7 6. e3 O-O 7. Nf3 c5 8.
Be2 Qa5+ 9. Qd2 Qxd2+ 10. Nxd2 Bd7 11. Nc3 Bc6 12. Nf3 Nh5 13. Ne5 Nxf4 14.
exf4 cxd4 15. Nxc6 bxc6 16. Nxd5 cxd5 17. Bxa6 Rab8 18. Rb1 d3 19. Bxd3 Rxb2
20. Rxb2 Bxb2 21. a4 Rb8 22. Ke2 Rb4 23. Rb1 Bc3 24. Rxb4 Bxb4 25. f5 Kg7
26. Ke3 Bc5+ 27. Kf3 Kf6 28. fxg6 hxg6 29. h4 e5 30. Bb5 e4+ 31. Ke2 Ke6 32.
Be8 Be7 33. g3 d4 {Game drawn by mutual agreement} 1/2-1/2

[Event "ICC tourney 2009 (45 10)"]
[Site "Internet Chess Club"]
[Date "2020.09.19"]
[Round "3"]
[White "Eagle2020"]
[Black "chessmilano"]
[Result "1/2-1/2"]
[ICCResult "Game drawn by mutual agreement"]
[WhiteElo "1599"]
[BlackElo "1719"]
[Opening "French: exchange variation"]
[ECO "C01"]
[NIC "FR.01"]
[Time "16:01:52"]
[TimeControl "2700+10"]

1. e4 e6 2. d4 d5 3. exd5 exd5 4. Bd3 Bd6 5. Nf3 Ne7 6. Be3 O-O 7. Nbd2 Bf5
8. Nf1 c6 9. Ng3 Bxd3 10. Qxd3 Nd7 11. O-O Qc7 12. Nf5 Nxf5 13. Qxf5 Nf6 14.
Bh6 Rfe8 15. Bxg7 Kxg7 16. Qg5+ Kh8 17. Qxf6+ Kg8 18. Rfe1 Bf8 19. Re5 Rxe5
20. Qxe5 Qxe5 21. dxe5 Re8 22. c3 Bg7 23. Re1 h6 24. Kf1 Re6 25. b3 a5 26.
c4 dxc4 27. bxc4 Kf8 28. g4 Ke8 29. h4 b5 30. cxb5 cxb5 31. Nd4 Rb6 32. f4
a4 33. g5 b4 34. Re3 Bf8 35. Nf5 b3 36. Nd6+ Kd7 37. axb3 axb3 38. Nc4 Rb4
39. Rd3+ Ke6 40. Nb2 Rxf4+ 41. Kg2 Rxh4 42. gxh6 Rb4 43. Rh3 Rg4+ 44. Kf3
Rg1 45. h7 Bg7 46. h8=Q Bxh8 47. Rxh8 Rb1 48. Rh2 Kxe5 49. Ke3 Re1+ 50. Kd3
Rg1 51. Re2+ Kf6 52. Re3 Kg6 53. Kc3 f5 54. Kxb3 f4
{Game drawn by mutual agreement}
1/2-1/2

[Event "ICC tourney 2009 (45 10)"]
[Site "Internet Chess Club"]
[Date "2020.09.19"]
[Round "3"]
[White "Theutltl"]
[Black "HeJustin"]
[Result "1-0"]
[ICCResult "Black resigns"]
[WhiteElo "1308"]
[BlackElo "1572"]
[Opening "Hungarian defense"]
[ECO "C50"]
[NIC "IG.03"]
[Time "16:02:31"]
[TimeControl "2700+10"]

1. e4 e5 2. Nf3 Nc6 3. Bc4 Be7 4. O-O Nf6 5. Re1 d6 6. c3 O-O 7. d4 Bg4 8.
d5 Nb8 9. h3 Bh5 10. Bb3 Nbd7 11. Nbd2 Nc5 12. Bc2 b5 13. b4 Nb7 14. Nf1 Qd7
15. Ng3 Bg6 16. a4 a6 17. Bb2 c5 18. Qe2 cxb4 19. cxb4 Rfc8 20. axb5 axb5
21. Bd3 Qc7 22. Bxb5 Rxa1 23. Rxa1 Bf8 24. Rc1 Qb8 25. Rxc8 Qxc8 26. Bc6 Nd8
27. b5 Nxc6 28. bxc6 Be7 29. Nh4 Bd8 30. Nhf5 Qc7 31. Ba3 Ne8 32. Qa6 Bxf5
33. Nxf5 g6 34. Ne3 Qb6 35. Qxb6 Bxb6 36. Nc4 Bc7 37. g3 f5 38. exf5 gxf5
39. Ne3 Ng7 40. f4 exf4 41. gxf4 Kf7 42. Kf2 Kf6 43. Bb2+ Kf7 44. Bxg7 Kxg7
45. Nxf5+ Kf6 46. Nd4 h5 47. Ne6 Bb8 48. c7 Bxc7 49. Nxc7 {Black resigns}
1-0

[Event "ICC tourney 2009 (45 10)"]
[Site "Internet Chess Club"]
[Date "2020.09.19"]
[Round "3"]
[White "AJ2000"]
[Black "dmutalam"]
[Result "1-0"]
[ICCResult "Black resigns"]
[WhiteElo "1721"]
[BlackElo "1585"]
[Opening "Ruy Lopez: Classical defense deferred"]
[ECO "C70"]
[NIC "RL.09"]
[Time "16:01:51"]
[TimeControl "2700+10"]

1. e4 e5 2. Nf3 Nc6 3. Bb5 a6 4. Ba4 Bc5 5. c3 Nf6 6. O-O b5 7. Bb3 d6 8. a4
Bg4 9. h3 Bh5 10. d3 h6 11. Nbd2 O-O 12. Re1 Re8 13. Nf1 Bb6 14. Ne3 Ne7 15.
g4 Bg6 16. Nh4 Bh7 17. Nhf5 Nxf5 18. Nxf5 Bxf5 19. gxf5 Nh7 20. Qh5 Qf6 21.
Bd5 Rab8 22. Kf1 Re7 23. Ke2 Kh8 24. Rg1 Rg8 25. Bd2 Rc8 26. axb5 axb5 27.
Ra8 Rxa8 28. Bxa8 g5 29. h4 gxh4 30. Bxh6 Re8 31. Bg7+ Qxg7 32. Rxg7 Kxg7
33. Bc6 Rg8 34. Bxb5 Nf6 35. Qxh4 {Black resigns} 1-0

[Event "ICC tourney 2009 (45 10)"]
[Site "Internet Chess Club"]
[Date "2020.09.19"]
[Round "3"]
[White "StevChess01"]
[Black "Natey"]
[Result "1/2-1/2"]
[ICCResult "Game drawn by mutual agreement"]
[WhiteElo "1891"]
[BlackElo "1699"]
[Opening "Neo-Grünfeld defense"]
[ECO "D70"]
[NIC "KI.80"]
[Time "16:01:50"]
[TimeControl "2700+10"]

1. d4 Nf6 2. c4 g6 3. f3 d5 4. cxd5 Nxd5 5. e4 Nb6 6. Nc3 Bg7 7. Be3 O-O 8.
Qd2 Nc6 9. O-O-O Na5 10. b3 Nc6 11. h4 e6 12. h5 a5 13. a4 Qe7 14. Kb2 Rd8
15. Bg5 Bf6 16. Bxf6 Qxf6 17. Nge2 Qg7 18. hxg6 hxg6 19. Nb5 Nxd4 20. Qh6
Qxh6 21. Rxh6 c5 22. Nexd4 cxd4 23. Rxd4 Rxd4 24. Nxd4 Kg7 25. Rh1 Bd7 26.
Nb5 Rd8 27. Nc3 Bc6 28. Kc2 f5 29. Bd3 Nd7 30. exf5 gxf5 31. Re1 Nc5 32. Bb5
Bxb5 33. Nxb5 Kf6 34. Nc3 Nd3 35. Re3 Nb4+ 36. Kc1 Nd5 37. Nxd5+ Rxd5 38.
Kc2 b5 39. axb5 Rxb5 40. Re2 Re5 41. Rd2 Rc5+ 42. Kb2 Rd5 43. Rc2 Kg5 44. g3
e5 45. Rc3 e4 46. fxe4 fxe4 47. Re3 Kf5 48. Kc3 Rc5+ 49. Kd4 Rb5 50. g4+
Kxg4 51. Rxe4+ Kf5 52. Re3 Kf4 53. Rc3 Rb4+ 54. Kc5 Rb8 55. Rc4+
{Game drawn by mutual agreement}
1/2-1/2